 Dungeon Crawl Stone Soup version 0.26.1-11-gd32895ea62 (webtiles) character file.

Game seed: 5189461506081214401

79195 dtburroughs the Fighter (level 15, -2/139 HPs)
             Began as a Minotaur Berserker on July 24, 2021.
             Was a High Priest of Trog.
             Slain by a phantasmal warrior (27 damage)
             ... led by a death knight
             ... on level 14 of the Dungeon.
             The game lasted 00:59:33 (26169 turns).

dtburroughs the Fighter (Minotaur Berserker)       Turns: 26169, Time: 00:59:33

Health: -2/139     AC: 23    Str: 23    XL:     15   Next: 20%
Magic:  14/14      EV: 12    Int:  7    God:    Trog [*****.]
Gold:   1972       SH: 13    Dex: 12    Spells: 14/14 levels left

rFire    + . .     SeeInvis .   W - +8 mithril axe "Arga" {speed, Will+}
rCold    . . .     Faith    +   o - +0 kite shield
rNeg     . . .     Spirit   .   Q - +0 plate armour {rPois}
rPois    +         Reflect  .   G - +0 hat {Will+}
rElec    .         Harm     .   y - scarf {+Inv}
rCorr    .         Rampage  .   l - +2 pair of gloves
Will     +++++                  H - +2 pair of boots
Stlth    ..........             T - amulet of faith
HPRegen  1.33/turn              e - ring of willpower
MPRegen  0.14/turn              z - ring of protection from fire

@: regenerating, studying Fighting
A: retaliatory headbutt, horns 2
a: Renounce Religion, Evoke Invisibility, Berserk, Trog's Hand, Brothers in Arms


You were on level 14 of the Dungeon.
You worshipped Trog.
Trog was extremely pleased with you.
You visited 2 branches of the dungeon, and saw 20 of its levels.
You also visited: Ossuary, Bailey and Volcano.

You collected 1972 gold pieces.

Inventory:

Hand Weapons
 d - a +5 war axe
 E - the +10 mace of Bile {freeze, *Noise +Rage rN+ Str+4}
   (You took it off an orc wizard on level 6 of the Dungeon)

   It has been specially enchanted to freeze those struck by it, causing extra
   injury to most foes and up to half again as much damage against particularly
   susceptible opponents.
   It can also slow down cold-blooded creatures.
   It affects your strength (+4).
   It protects you from negative energy.
   It lets you go berserk.
   It may make noises in combat.
 W - the +8 mithril axe "Arga" (weapon) {speed, Will+}
   (Trog gifted it to you on level 5 of the Lair of Beasts)

   Attacks with this weapon are significantly faster.
   It affects your willpower, your defense against some magical effects.
Armour
 l - a +2 pair of gloves (worn)
 o - a +0 kite shield (worn)
 y - a scarf of invisibility (worn)
 G - a +0 hat of willpower (worn)
 H - a +2 pair of boots (worn)
 Q - a +0 plate armour of poison resistance (worn)
Jewellery
 e - a ring of willpower (left hand)
 z - a ring of protection from fire (right hand)
 T - an amulet of faith (around neck)
Wands
 m - a wand of flame (34)
 x - a wand of disintegration (38)
 C - a wand of digging (3)
 X - a wand of random effects (5)
Scrolls
 f - 3 scrolls of teleportation
 h - 4 scrolls of enchant armour
 i - 2 scrolls of noise
 k - 14 scrolls of remove curse
 p - 3 scrolls of identify
 q - 10 scrolls of enchant weapon
 s - 5 scrolls of fog
 u - a scroll of immolation
 w - a scroll of silence
 A - a scroll of acquirement {unknown}
 B - 2 scrolls of blinking
 F - a scroll of fear
 N - a scroll of brand weapon {unknown}
 O - a scroll of vulnerability {unknown}
 P - 2 scrolls of random uselessness
 S - 2 scrolls of torment {unknown}
 U - a scroll of magic mapping
 Y - a scroll of holy word {unknown}
Potions
 a - a potion of resistance
 b - 13 potions of curing
 c - 2 potions of flight
 j - 5 potions of invisibility
 n - 2 potions of berserk rage
 r - 3 potions of lignification
 t - 5 potions of haste
 v - 2 potions of ambrosia
 D - a potion of might {unknown}
 J - 2 potions of heal wounds
 L - a potion of magic {unknown}
 R - a potion of cancellation {unknown}
Books
 Z - a manual of Fighting
Miscellaneous
 K - a box of beasts


   Skills:
 + Level 14.6 Fighting
 + Level 13.6(14.0) Axes
 + Level 6.1(10.8) Maces & Flails
 + Level 13.1 Armour
 + Level 12.4 Dodging
 + Level 12.6 Shields
 + Level 10.0 Evocations


You had 14 spell levels left.
You didn't know any spells.
Your spell library was empty.

Dungeon Overview and Level Annotations

Branches:
Dungeon (14/15)            Temple (0/1) D:6            Lair (6/6) D:8
 Shoals (0/4) Lair:3        Snake (0/4) Lair:4        Slime (0/5) Lair:5
    Orc (0/2) D:11         Vaults (0/5) D:14        Ossuary (visited)
 Bailey (visited)         Volcano (visited)

Altars:
Ashenzari
Gozag
Okawaru
Qazlal
Vehumet
Xom
Jiyva

Shops:
D:4 =([   D:10 =   D:14 [=((

Annotations:
D:4 3 runed translucent doors, seveneves's ghost, amateur GnAM
Lair:6 3 runed translucent doors, Ciuzaini's ghost, journeyman OpDe; Epsir's ghost, journeyman HOFi; JackMcBride's ghost, journeyman MiFi; Sigibet's ghost, journeyman GrEE; Yned's ghost, journeyman DDFi


Innate Abilities, Weirdness & Mutations

You reflexively headbutt those who attack you in melee.
You have a pair of horns on your head.


Message History

You feel strong-willed. The death knight barely misses you.
You furiously retaliate!
You headbutt the death knight.
The phantasmal warrior blinks!
You slash the death knight!
The death knight is heavily wounded.
You closely miss the phantasmal warrior.
The death knight hits you with a +0 great mace!!
* * * LOW HITPOINT WARNING * * *
The phantasmal warrior closely misses you.
You furiously retaliate!
You headbutt the phantasmal warrior, but do no damage.
You hit the phantasmal warrior.
Your headbutt misses the phantasmal warrior.
The phantasmal warrior is lightly damaged.
You barely miss the death knight.
You hit the phantasmal warrior but do no damage.
You headbutt the phantasmal warrior!
The phantasmal warrior is moderately damaged.
You hit the death knight. The phantasmal warrior hits you!!
You die...

**#.........######......#*******,
#...[.....# #........,,,,,,,
###+####### #......##*******
#.##### #.....##******* #.....#
###.###,,,,,,,* #####'##### *,*
*,*****,* #.........####
*,***,*>,,*,** #.........'W.#
*,,,*,***,*,*, *
#.....>...##@#****+*,,,,,*,*,
****#.........##p#,,,,,*******,*,
+,,,#...#'#...##W§.W....,,,,,,,*,
***,+...+∩+...####?....#********,
* **#.[.#+#...# *......,,+,**,^,
* #.........# *,.....,,****,,, *
#.........# *,.....,,* *,,,
#####.##### **#'###*** ****
##..##### #.#


You could see a death knight, a phantasmal warrior and a freezing wraith.

Vanquished Creatures
  Rupert (D:14)
  Agnes (D:14)
  Gastronok (Lair:2)
  Kirke (Lair:4)
  2 vault guards (D:14)
  7 hydras
  A boulder beetle (Lair:6)
  7 centaur warriors
  6 two-headed ogres
  2 ogre magi
  A tengu warrior (D:13)
  Urug (Lair:1)
  Sonja (Lair:1)
  A hell knight (Volcano)
  An unseen horror (D:12)
  A sea snake (shapeshifter) (D:13)
  Pikel (D:7)
  A wizard (D:13)
  A necromancer (D:13)
  A lindwurm (Lair:2)
  2 cyclopes (D:8)
  3 oklob plants (Lair:4)
  A deep elf mage (D:13)
  6 ugly things
  A faun (shapeshifter) (D:13)
  19 elephants
  2 black mambas
  A molten gargoyle (Volcano)
  A torpor snail (Lair:6)
  2 centaur zombies
  2 kobold demonologists
  3 rime drakes
  4 gargoyles
  A freezing wraith (D:14)
  11 cane toads
  6 komodo dragons
  An efreet (D:14)
  A redback zombie (D:13)
  A troll (shapeshifter) (D:14)
  11 polar bears
  2 trolls
  Grinder (D:3)
  2 raiju (Lair:6)
  4 slime creatures (D:12)
  13 blink frogs
  28 yaks
  2 wraiths
  A vampire (D:14)
  5 wyverns
  A hog (Lair:4)
  5 fire bats (Volcano)
  2 steam dragons
  2 vampire mosquitoes (D:14)
  6 wargs (Lair:6)
  2 nagas (Lair:4)
  A soldier ant (D:13)
  13 hell hounds (Lair:6)
  11 water moccasins
  2 ice beasts
  13 orc warriors
  3 eyes of draining
  6 sky beasts
  15 black bears
  A phantom (D:9)
  10 ogres
  7 centaurs
  6 necrophages
  19 wolves
  A lemure (D:7)
  18 bullfrogs
  A big kobold (D:10)
  A gnoll sergeant (D:11)
  A water moccasin zombie (D:11)
  3 scorpions
  5 killer bees (D:8)
  An electric eel (Lair:6)
  A vampire bat (D:7)
  4 howler monkeys
  6 lava snakes (Volcano)
  A bullfrog zombie (D:13)
  7 jellies
  2 quasits
  8 hounds
  Crazy Yiuf (D:5)
  14 orc wizards
  3 bullfrog skeletons
  4 centaur skeletons
  8 orc priests
  5 iguanas
  Ijyb (D:5)
  Terence (D:3)
  8 worker ants
  2 killer bee zombies
  A mummy (Ossuary)
  28 gnolls
  A howler monkey skeleton (D:4)
  16 adders
  3 shadow imps
  3 ufetubi
  An ooze (D:3)
  3 adder skeletons
  4 worms
  3 dart slugs
  3 leopard geckos
  56 orcs
  2 ball pythons
  6 giant cockroaches
  8 hobgoblins
  12 jackals
  8 kobolds
  5 quokkas
  12 bats
  3 frilled lizards
  8 gnoll skeletons (Ossuary)
  11 goblins
  5 kobold skeletons (Ossuary)
  10 orc skeletons (Ossuary)
  2 quokka skeletons
  8 rats
630 creatures vanquished.

Vanquished Creatures (collateral kills)
  2 two-headed ogres (Volcano)
  A centaur zombie (D:12)
  A tyrant leech (D:12)
  3 swamp worms (D:12)
7 creatures vanquished.

Vanquished Creatures (others)
  A tengu conjurer (D:14)
  An acid dragon (D:13)
  18 fungi
  68 plants
88 creatures vanquished.

Grand Total: 725 creatures vanquished

Notes
Turn   | Place    | Note
-------+----------+-------------------------------------------
     0 | D:1      | dtburroughs the Minotaur Berserker began the quest for the
                  | Orb.
     0 | D:1      | Reached XP level 1. HP: 19/19 MP: 0/0
   599 | D:1      | Reached XP level 2. HP: 9/27 MP: 1/1
   935 | D:1      | Reached skill level 4 in Fighting
  1369 | D:2      | Reached XP level 3. HP: 33/33 MP: 2/2
  1445 | D:2      | Reached XP level 4. HP: 7/41 MP: 3/3
  1840 | D:2      | Reached ** piety under Trog
  2400 | D:2      | Reached XP level 5. HP: 47/47 MP: 4/4
  2593 | D:3      | Noticed Grinder
  2611 | D:3      | Killed Grinder
  2612 | D:3      | Reached skill level 5 in Fighting
  2612 | D:3      | Reached skill level 5 in Axes
  2612 | D:3      | Reached XP level 6. HP: 38/56 MP: 5/5
  2775 | D:3      | Noticed Terence
  2788 | D:3      | Killed Terence
  3075 | D:3      | Found a radiant altar of Vehumet.
  3361 | D:4      | Reached skill level 1 in Shields
  3528 | D:4      | Found Wikhi's Weapon Shop.
  3657 | D:4      | Reached XP level 7. HP: 61/61 MP: 6/6
  3724 | D:4      | Found a runed translucent gate.
  3724 | D:4      | Found a runed translucent gate.
  3724 | D:4      | Found a runed translucent gate.
  3724 | D:4      | Found an opulent altar of Gozag.
  3743 | D:4      | Noticed seveneves's ghost (amateur GnAM)
  3782 | D:4      | Found Jicuopta's Armour Boutique.
  3878 | D:4      | Reached skill level 5 in Armour
  3878 | D:4      | Reached skill level 1 in Evocations
  4125 | D:4      | Found Tuenuram's Jewellery Boutique.
  4510 | D:5      | Entered Level 5 of the Dungeon
  4600 | D:5      | Noticed Ijyb
  4746 | D:5      | Killed Ijyb
  5125 | D:5      | Reached skill level 6 in Fighting
  5308 | D:5      | Reached skill level 5 in Dodging
  5474 | D:5      | Found an iron altar of Okawaru.
  5697 | D:5      | Reached *** piety under Trog
  5745 | D:5      | Found a runed translucent door.
  5746 | D:5      | Noticed Crazy Yiuf
  5806 | D:5      | Killed Crazy Yiuf
  5889 | D:6      | Reached XP level 8. HP: 70/70 MP: 7/7
  6183 | D:6      | Found a staircase to the Ecumenical Temple.
  6241 | D:6      | Identified the +10 mace of Bile {freeze, *Noise +Rage rN+
                  | Str+4}
  6482 | D:6      | Reached skill level 7 in Fighting
  6541 | D:6      | Reached XP level 9. HP: 47/79 MP: 8/8
  6996 | D:7      | Found a shimmering altar of Xom.
  7012 | D:7      | Noticed Pikel
  7023 | D:7      | Killed Pikel
  7302 | D:7      | Reached skill level 5 in Shields
  7750 | D:8      | Found a staircase to the Lair.
  7759 | D:8      | Noticed a two-headed ogre
  7766 | D:8      | Killed a two-headed ogre
  7767 | D:8      | Reached skill level 8 in Fighting
  8029 | D:8      | Reached **** piety under Trog
  8193 | D:8      | Reached XP level 10. HP: 89/89 MP: 9/9
  8209 | D:8      | Found a sand-covered staircase.
  8218 | Ossuary  | Entered an ossuary
  8454 | D:8      | Noticed a cyclops
  8491 | D:8      | Killed a cyclops
  8645 | D:8      | Reached skill level 5 in Evocations
  8676 | D:8      | Noticed a cyclops
  8686 | D:8      | Killed a cyclops
  8687 | D:8      | Noticed a soul eater
  8691 | D:8      | Reached ***** piety under Trog
  8700 | D:8      | Reached skill level 9 in Fighting
  9711 | D:9      | Found an opulent altar of Gozag.
  9736 | D:9      | Found a broken altar of Ashenzari.
  9736 | D:9      | Found a stormy altar of Qazlal.
  9900 | D:9      | Reached XP level 11. HP: 97/97 MP: 10/10
 10112 | D:9      | You fall into a shaft and drop 2 floors!
 11129 | D:11     | Found a staircase to the Orcish Mines.
 11284 | D:11     | Received a gift from Trog
 11456 | D:10     | Entered Level 10 of the Dungeon
 11795 | D:10     | Reached skill level 10 in Axes
 12056 | D:10     | Noticed a two-headed ogre
 12066 | D:10     | Killed a two-headed ogre
 12067 | D:10     | Reached skill level 10 in Fighting
 12195 | D:10     | Found Uronk's Jewellery Emporium.
 13359 | D:12     | Noticed a five-headed hydra
 13378 | D:12     | Killed a five-headed hydra
 13538 | D:12     | Killed an unseen horror
 13750 | D:12     | Noticed a green ugly thing
 13766 | D:12     | Killed a green ugly thing
 14023 | D:12     | Reached skill level 10 in Armour
 14846 | D:8      | Reached XP level 12. HP: 107/107 MP: 11/11
 14850 | Lair:1   | Entered Level 1 of the Lair of Beasts
 14901 | Lair:1   | Noticed a five-headed hydra
 14914 | Lair:1   | Killed a five-headed hydra
 15320 | Lair:1   | Noticed Urug
 15341 | Lair:1   | Killed Urug
 15417 | Lair:1   | Noticed Sonja
 15421 | Lair:1   | Killed Sonja
 15793 | Lair:1   | Reached skill level 11 in Fighting
 16295 | Lair:2   | Noticed Gastronok
 16311 | Lair:2   | Killed Gastronok
 16312 | Lair:2   | Reached skill level 10 in Dodging
 16402 | Lair:2   | Found a dark tunnel.
 16411 | Volcano  | Entered a volcano
 16689 | Volcano  | Noticed a two-headed ogre
 16693 | Volcano  | Killed a two-headed ogre
 16694 | Volcano  | Reached skill level 10 in Shields
 16802 | Volcano  | Found a radiant altar of Vehumet.
 16802 | Volcano  | Noticed a two-headed ogre
 16802 | Volcano  | Noticed an ogre mage
 16802 | Volcano  | Noticed a two-headed ogre
 16810 | Volcano  | Killed a two-headed ogre
 16817 | Volcano  | Killed a two-headed ogre
 16820 | Volcano  | Killed an ogre mage
 16821 | Volcano  | Noticed a two-headed ogre
 16824 | Volcano  | Noticed a two-headed ogre
 16828 | Volcano  | Killed a two-headed ogre
 16830 | Volcano  | Killed a two-headed ogre
 16831 | Volcano  | Reached XP level 13. HP: 54/116 MP: 12/12
 18139 | Lair:3   | Received a gift from Trog
 18838 | Lair:3   | You fall into a shaft and drop 1 floor!
 18899 | Lair:3   | Found a staircase to the Shoals.
 19085 | Lair:3   | Reached skill level 12 in Fighting
 19379 | Lair:4   | Found a staircase to the Snake Pit.
 19750 | Lair:4   | Noticed Kirke
 19762 | Lair:4   | Killed Kirke
 21025 | Lair:5   | Reached skill level 1 in Maces & Flails
 21092 | Lair:5   | Received a gift from Trog
 21093 | Lair:5   | Found the +8 mithril axe "Arga" {speed, Will+}
 21393 | Lair:5   | Reached XP level 14. HP: 126/127 MP: 13/13
 21447 | Lair:5   | Found a staircase to the Slime Pits.
 21448 | Lair:5   | Found a viscous altar of Jiyva.
 22105 | Lair:6   | Entered Level 6 of the Lair of Beasts
 22261 | Lair:6   | Found a runed translucent gate.
 22261 | Lair:6   | Found a runed translucent gate.
 22261 | Lair:6   | Found a runed translucent gate.
 22262 | Lair:6   | Noticed Yned's ghost (journeyman DDFi)
 22262 | Lair:6   | Noticed Epsir's ghost (journeyman HOFi)
 22263 | Lair:6   | Noticed JackMcBride's ghost (journeyman MiFi)
 22263 | Lair:6   | Noticed Sigibet's ghost (journeyman GrEE)
 22263 | Lair:6   | Noticed Ciuzaini's ghost (journeyman OpDe)
 22478 | Lair:6   | Reached skill level 13 in Fighting
 22752 | Lair:6   | Received a gift from Trog
 23988 | D:13     | Received a gift from Trog
 24405 | D:13     | Reached skill level 5 in Maces & Flails
 24420 | D:13     | Reached skill level 14 in Fighting
 25381 | D:14     | Noticed Agnes
 25388 | D:14     | Killed Agnes
 25389 | D:14     | Reached XP level 15. HP: 114/139 MP: 14/14
 25555 | D:14     | Found Ryissuho's Jewellery Shop.
 25620 | D:14     | Found Mutakimn's Antique Armour Shop.
 25670 | D:14     | Found Plog's Antique Weapon Shoppe.
 25704 | D:14     | Found a gate to the Vaults.
 25754 | D:14     | Found a flagged portal.
 25768 | Bailey   | Entered a bailey
 26055 | D:14     | Reached skill level 10 in Evocations
 26100 | D:14     | Found Loimolet's Antique Weapon Emporium.
 26120 | D:14     | Noticed Rupert
 26143 | D:14     | Killed Rupert
 26162 | D:14     | Received a gift from Trog
 26169 | D:14     | Slain by a phantasmal warrior

Illustrated notes

Levels and vault maps discovered:
D:1:      matt_arrival_diagonals, layout_basic
D:2:      layout_basic
D:3:      layout_basic, vehumet_crystals, uniq_grinder, uniq_terence
D:4:      layout_basic, serial_shops, shop, nicolae_shop_crystal, shop,
          ebering_ghost_gozag, serial_glass, glass_columns_a, glass_columns_c,
          glass_columns_a, glass_columns_a, glass_columns_b, glass_columns_c,
          glass_columns_a, glass_columns_a, item_on_display_a,
          minmay_strange_pillars, item_on_display_a, due_unseen_surprise
D:5:      layout_cave_pools, basic_altar, uniq_ijyb, uniq_crazy_yiuf_cottage
D:6:      layout_rooms, minmay_temple_entry_drinking_statues,
          nicolae_benzene_ring
D:7:      layout_loops_ring, basic_altar, roderic_batcave, uniq_pikel
D:8:      cheibrodos_ideogram_h, layout_basic, dpeg_oklobed_lair,
          nicolae_ossuary_entry_ruins
D:9:      layout_loops_ring, lemuel_crystal_altar,
          gammafunk_temple_overflow_wave, grunt_ministairs_1, minmay_liquid_box
D:10:     layout_irregular_city, serial_shops, shop, grunt_ministairs_4
D:11:     layout_grid_maze, orc_0_dummy
D:12:     cheibrodos_quadrivalence, layout_small_grid, worms_lemuel
D:13:     minmay_containers, layout_rooms, grunt_ministairs_12,
          serial_bayou_pond_d
D:14:     layout_roguey [special_room_mythical_zoo],
          lightli_vaults_fourway_checkpoint, serial_shops, nicolae_shop_stone,
          nicolae_shop_behind_doors, nicolae_shop_behind_doors, shop,
          infiniplex_staircase_spiral, enter_bailey_5, uniq_rupert, uniq_agnes
Lair:1:   layout_small_grid, grunt_megastairs_2, infiniplex_staircase_pool_2,
          uniq_urug, uniq_sonja
Lair:2:   layout_chaotic_city, nicolae_volcano_entry_vermiform, uniq_gastronok
Lair:3:   layout_big_grid, shoals_dummy_entry, serial_bayou_pond_e,
          beast_lair_carwin_7
Lair:4:   layout_small_grid, guppyfry_snake_entry_island, lemuel_fruit_tree,
          minmay_lair_oklob_chamber, uniq_kirke
Lair:5:   layout_long_grid, slime_altar_1, gauntlet_entry_generic,
          grunt_megastairs_3, serial_bayou_shore_b, serial_bayou_shore_b,
          infiniplex_staircase_pool
Lair:6:   hangedman_lair_caniforms_friends, layout_regular_city, wormcave,
          gammafunk_ghost_cemetery, serial_bayou_shore_a

Skill      XL: |  1  2  3  4  5  6  7  8  9 10 11 12 13 14 15 |
---------------+----------------------------------------------+-----
Fighting       | 4 5 6 7 8 9 10 11 12 14 | 14.6
Axes           | 4 5 6 7 8 9 10 11 12 13 | 13.6
Armour         | 3 4 5 6 7 8 10 11 12 13 | 13.1
Dodging        | 3 4 5 6 7 8 9 10 11 12 | 12.4
Shields        | 1 2 4 5 7 9 10 11 12 | 12.6
Evocations     | 2 3 4 5 6 8 9 10 | 10.0
Maces & Flails | 2 5 6 |  6.1

Action                   |  1- 3 |  4- 6 |  7- 9 | 10-12 | 13-15 || total
-------------------------+-------+-------+-------+-------+-------++-------
Melee: Hand axe          |    64 |   144 |   237 |       |       ||   445
       Headbutt          |     8 |    22 |    66 |   119 |   224 ||   439
       Mace              |       |       |   106 |   595 |   325 ||  1026
       Broad axe         |       |       |       |       |   586 ||   586
Invok: Berserk           |     1 |       |     2 |       |       ||     3
       Trog's Hand       |       |     1 |     8 |     9 |     8 ||    26
       Brothers in Arms  |       |       |       |     2 |       ||     2
Evoke: Wand              |       |     2 |       |     2 |     5 ||     9
  Use: Scroll            |       |       |       |    14 |    17 ||    31
       Potion            |       |       |       |     2 |     1 ||     3
 Stab: Distracted        |       |     1 |       |       |       ||     1
Armor: Chain mail        |    21 |    68 |   155 |    22 |       ||   266
       Plate armour      |       |       |    25 |   269 |   437 ||   731
Dodge: Dodged            |    27 |    60 |   110 |   219 |   341 ||   757
Block: Kite shield       |       |    20 |   206 |   389 |   580 ||  1195
